Steven, chaotic male orcish Caveman ------------ ----- ----- |..........| |....#### |...| |..........| |...| # |....####|..........| |...-# ### ##....| #-..........| |.`.|# #----- # |...| ----|-----+- -.---### `|...| ### |{..| # # @ # |...| # ---.- ### # #q# ### |..(| ### # # ### # ##|...| # # ### ## ##-...+#####` ### | #|...| ## # # |. #----- #### ### -.. ## # # # .. ######## ## ----.- ... |....| ... |....| ----- |.....####### ------ Steven the Young Cave Man Experience level: 6 Strength: 18/02 Dexterity: 12 Constitution: 18 Intelligence: 9 Wisdom: 11 Charisma: 6 Health: 0(57) Energy: 21(21) Def: 11 Gold: 538 Moves: 4154 Dungeon seed: s7ZHCw0WcAveV-AA Game ID: Steven_1440017564 Your Inventory: Coins $ - 538 gold pieces Weapons a - an uncursed +0 dwarvish spear (in quiver) b - 5 blessed +0 dwarvish spears (wielded) Armor e - a cursed -2 pair of levitation boots q - an uncursed +0 dwarvish cloak (being worn) y - a blessed +0 pair of iron shoes (being worn) z - an uncursed +0 dwarvish roundshield (being worn) N - an uncursed +0 elven mithril-coat (being worn) Y - an uncursed +0 dwarvish iron helm (being worn) Comestibles c - 4 uncursed food rations I - an uncursed sprig of wolfsbane K - an uncursed eucalyptus leaf O - an uncursed fortune cookie Scrolls t - a cursed scroll of identify F - a cursed scroll of fire Potions h - a cursed potion of healing m - an uncursed potion of water x - an uncursed potion of booze C - an uncursed potion of healing H - a cursed potion of gain energy M - an uncursed potion of confusion P - an uncursed potion of speed Q - an uncursed potion of polymorph Wands f - an uncursed wand of enlightenment (0:13) l - an uncursed wand of striking (0:3) o - an uncursed wand of fire (0:1) E - an uncursed wand of enlightenment (0:13) Tools g - a cursed magic lamp (lit) k - 10 uncursed tallow candles (0:200) v - an uncursed lock pick w - an uncursed magic marker (0:63) A - an uncursed magic lamp Spells and supernatural/magical abilities: Name Level Category Fail Memory W - pray for help -- divine ? -- Your skills at the end: Fighting Skills bare handed combat [Basic] Weapon Skills club [Basic] spear [Basic] sling [Basic] Spellcasting Skills Final Attributes: You were piously aligned. You were poison resistant. You had infravision. You are dead. Vanquished creatures: a leprechaun 2 gnome kings 2 Mordor orcs 2 rock piercers a yellow light 4 gnome lords a gnomish wizard an elf zombie 2 straw golems 4 giant ants a floating eye a kitten 8 dwarves a rothe 2 werejackals an iguana an acid blob 2 hobbits a hobgoblin a giant rat 5 cave spiders a green mold a red mold 19 gnomes 5 garter snakes 2 geckos 6 jackals a kobold a goblin a sewer rat 9 grid bugs 2 lichens 2 kobold zombies 4 newts 98 creatures vanquished. Voluntary challenges: You had been an atheist until turn 2177. You used a wielded weapon 98 times, starting on turn 20. You read items or engraved 2 times, starting on turn 2635. You never genocided any monsters. You never polymorphed an object. You never changed form. You used no wishes. You never split a pudding. You wrote Elbereth's name 2 times, starting on turn 2635. You violated your moral code, losing 3 points of alignment, starting on turn 1831. Dungeon overview: The Dungeons of Doom: levels 1 to 10 Level 1 a long staircase Level 2 some fountains Level 3 stairs to The Gnomish Mines Level 4 a fountain Level 5 Level 6 an armor shop, a fountain, a sink Level 7 many fountains Level 8 Level 10 <- You were here a fountain The Gnomish Mines: levels 4 to 7 Level 4 stairs to The Dungeons of Doom Level 5 Level 6 some shops, a temple to Ishtar, some fountains Level 7 History has recorded: On T:1 you entered the Dungeons of Doom to retrieve the Amulet of Yendor! On T:282 you reached level 2 of The Dungeons of Doom. On T:500 you reached level 3 of The Dungeons of Doom. On T:775 you reached level 1 of The Gnomish Mines. On T:868 you advanced to experience level 2. On T:873 you advanced to experience level 3. On T:882 you advanced to experience level 4. On T:1068 you reached level 2 of The Gnomish Mines. On T:1111 you advanced to experience level 5. On T:1847 you reached level 3 of The Gnomish Mines. On T:2013 you reached level 4 of The Gnomish Mines. On T:2206 you advanced to experience level 6. On T:2627 you reached level 4 of The Dungeons of Doom. On T:2790 you reached level 5 of The Dungeons of Doom. On T:3475 you reached level 6 of The Dungeons of Doom. On T:3555 you reached level 7 of The Dungeons of Doom. On T:3862 you reached level 8 of The Dungeons of Doom. On T:4000 you reached level 10 of The Dungeons of Doom. Score breakdown: Gold: 538 ( 53 points) Experience: 6 levels ( 500 points) Exploration: 10 levels ( 270 points) Discoveries: 9 items ( 450 points) Variety of kills: 34 monsters ( 1700 points) Major goal: (nothing yet) ( 0 points) Survival: died (score multiplied by 3) Total score: 8919 Latest messages: The bolt of fire hits the leocrotta! The leocrotta hits! The leocrotta bites! The leocrotta misses. The leocrotta hits! You die... Final status: Goodbye Steven the Caveman, killed by a leocrotta... You died in The Dungeons of Doom on dungeon level 10 with 8919 points, and 538 pieces of gold, after 4154 moves. You were level 6 with a maximum of 57 hit points when you died.